 Dungeon Crawl Stone Soup version 0.22.1-2-g9c5b331383 (webtiles) character file.

98 Ihlosi the Ducker (level 5, -1/32 HPs)
             Began as a Kobold Gladiator on Dec 8, 2018.
             Succumbed to a kobold's poison
             ... on level 2 of the Dungeon.
             The game lasted 00:03:58 (2322 turns).

Ihlosi the Ducker (Kobold Gladiator)                Turns: 2322, Time: 00:03:58

Health: -1/32      AC:  4    Str: 11    XL:     5   Next: 1%
Magic:  5/5        EV: 18    Int: 10    God:
Gold:   134        SH:  0    Dex: 17    Spells: 4/4 levels left

rFire    . . .     SeeInvis .   a - +0 long sword
rCold    . . .     Gourm    .   (shield restricted)
rNeg     . . .     Faith    .   b - +0 leather armour
rPois    .         Spirit   .   c - +0 helmet
rElec    .         Reflect  .   (no cloak)
rCorr    .         Harm     .   (no gloves)
MR       +....                  (no boots)
Stlth    ++........             (no amulet)
HPRegen  0.10/turn              (no ring)
MPRegen  0.09/turn              (no ring)

@: lethally poisoned (-1 -> -27), hasted, very quick
A: small, repulsion field 1, carnivore, magic resistance 1
a: no special abilities


You were on level 2 of the Dungeon.
You were very full.

You visited 1 branch of the dungeon, and saw 2 of its levels.

You collected 134 gold pieces.

Inventory:

Hand Weapons
 a - a +0 long sword (weapon)
 h - a +1 short sword of venom
Missiles
 d - 3 throwing nets (quivered)
Armour
 b - a +0 leather armour (worn)
 c - a +0 helmet (worn)
Scrolls
 e - 2 scrolls of remove curse
Potions
 g - 2 potions of mutation
Comestibles
 f - 6 rations


   Skills:
 * Level 3.0 Fighting
 + Level 3.0 Long Blades
 - Level 2.1 Throwing
 * Level 1.1 Armour
 * Level 4.5 Dodging
 * Level 1.9 Stealth


You had 4 spell levels left.
You didn't know any spells.
Your spell library was empty.

Dungeon Overview and Level Annotations

Branches:
Dungeon (2/15)

Altars:


Innate Abilities, Weirdness & Mutations

You are small and have problems with some larger weapons.
You are carnivorous and can eat meat at any time.
You are surrounded by a mild repulsion field. (EV +2)
You are resistant to hostile enchantments. (MR+)


Message History

a short sword of venom; a kobold corpse It was a potion of mutation.
You feel extremely strange.
You feel resistant to hostile enchantments.
You begin to radiate repulsive energy.
* * * LOW HITPOINT WARNING * * *
You feel sick.
It was a potion of haste.
You feel yourself speed up.
* * * LOW HITPOINT WARNING * * *
You feel very sick.
h - a short sword of venom
* * * LOW HITPOINT WARNING * * *
You feel sick.
There is a lethal amount of poison in your body!
There is a lethal amount of poison in your body!
There is a lethal amount of poison in your body!
* * * LOW HITPOINT WARNING * * *
You feel sick.
Things that are here:
an uncursed dagger; an uncursed hunting sling; 11 sling bullets You die...

#.....†...# ##.
#.........# #..
#......<..######## #..
#................# #..
##....##.........#####.)
#....##................
#....######............
#....######............
#(....@)†.#............
#########.#...........#
#######(#...........#
.......(............#
.........############
........(#######
................
#####...........
#...........


There were no monsters in sight!

Vanquished Creatures
  6 adders (D:2)
  A worm (D:2)
  A dart slug (D:2)
  3 bats
  3 giant cockroaches
  6 goblins
  5 hobgoblins
  5 jackals (D:2)
  A quokka (D:2)
  A frilled lizard (D:1)
  5 kobolds
  3 rats
40 creatures vanquished.

Notes
Turn   | Place    | Note
-------+----------+-------------------------------------------
     0 | D:1      | Ihlosi the Kobold Gladiator began the quest for the Orb.
     0 | D:1      | Reached XP level 1. HP: 12/12 MP: 1/1
   224 | D:1      | Reached XP level 2. HP: 17/17 MP: 2/2
   264 | D:1      | Reached skill level 4 in Dodging
  1007 | D:2      | Reached skill level 1 in Stealth
  1007 | D:2      | Reached XP level 3. HP: 14/22 MP: 3/3
  1377 | D:2      | Reached XP level 4. HP: 12/27 MP: 4/4
  1633 | D:2      | Reached skill level 1 in Armour
  2307 | D:2      | Reached XP level 5. HP: 32/32 MP: 5/5
  2318 | D:2      | Gained mutation: You are resistant to hostile enchantments.
                  | (MR+) [potion of mutation]
  2318 | D:2      | Gained mutation: You are surrounded by a mild repulsion
                  | field. (EV +2) [potion of mutation]
  2321 | D:2      | HP: 1/32 [poisoned by a kobold]
  2322 | D:2      | Succumbed to a kobold's poison

Skill      XL: |  1  2  3  4 |
---------------+-------------+-----
Dodging        | 4 |  4.5
Stealth        | 1 |  1.9
Armour         | 1 |  1.1
Long Blades    | 3 |  3.0
Fighting       | 3 |  3.0
Throwing       | |  2.1

Action                   |  1- 3 |  4- 6 || total
-------------------------+-------+-------++-------
Melee: Long sword        |    70 |    69 ||   139
  Use: Scroll            |     2 |     1 ||     3
       Potion            |     1 |     2 ||     3
 Stab: Invisible         |     2 |       ||     2
       Sleeping          |       |     2 ||     2
  Eat: Chunk             |     6 |     5 ||    11
Armor: Scale mail        |    25 |    22 ||    47
       Leather armour    |     1 |     6 ||     7
Dodge: Dodged            |    53 |    61 ||   114
       Rpst.: Long sword |    20 |    12 ||    32
